 Dungeon Crawl Stone Soup version 0.21.1-1-g345015fe64 (webtiles) character file.

714 Hercules1031 the Shield-Bearer (level 7, -11/60 HPs)
             Began as a Gnoll Fighter on June 22, 2018.
             Was an Initiate of Ashenzari.
             Mangled by spacerossing's ghost (13 damage)
             ... on level 5 of the Dungeon.
             The game lasted 00:13:41 (3957 turns).

Hercules1031 the Shield-Bearer (Gnoll Fighter)      Turns: 3957, Time: 00:13:42

Health: -11/60     AC: 14    Str: 25    XL:     7   Next: 69%
Magic:  10/10      EV:  7    Int: 10    God:    Ashenzari [......]
Gold:   221        SH: 11    Dex: 15    Spells: 11/11 levels left

rFire    . . .     SeeInvis .   a - +0 long sword
rCold    . . .     Gourm    .   c - +0 shield
rNeg     . . .     Faith    +   k - +0 plate armour
rPois    .         Spirit   .   l - +0 helmet
rElec    .         Reflect  .   (no cloak)
rCorr    .         Harm     .   (no gloves)
MR       .....                  (no boots)
Stlth    ..........             m - amulet of faith (curse)
HPRegen  0.20/turn              (no ring)
MPRegen  0.12/turn              (no ring)

@: mighty
A: distributed training, fangs 1, strong nose
a: Curse Item, Renounce Religion


You were on level 5 of the Dungeon.
You worshipped Ashenzari.
Ashenzari was noncommittal.
You were full.

You visited 1 branch of the dungeon, and saw 5 of its levels.

You collected 221 gold pieces.

Inventory:

Hand Weapons
 a - a +0 long sword (weapon)
Armour
 c - a +0 shield (worn)
 k - a +0 plate armour (worn)
 l - a +0 helmet (worn)
Jewellery
 m - a cursed amulet of faith (around neck)
Scrolls
 b - a scroll of enchant armour {unknown}
 g - 4 scrolls of fog
 h - a scroll of teleportation
 j - 4 scrolls of identify
Potions
 e - a potion of brilliance
 i - a potion of flight
Comestibles
 f - a ration


   Skills:
 + Level 7.1 Fighting
 + Level 2.6 Short Blades
 + Level 5.3 Long Blades
 + Level 2.6 Axes
 + Level 2.6 Maces & Flails
 + Level 2.6 Polearms
 + Level 2.6 Staves
 + Level 2.6 Slings
 + Level 2.6 Bows
 + Level 2.6 Crossbows
 + Level 2.6 Throwing
 + Level 7.1 Armour
 + Level 2.6 Dodging
 + Level 2.6 Stealth
 + Level 7.1 Shields
 + Level 2.6 Unarmed Combat
 + Level 2.6 Spellcasting
 + Level 2.1 Conjurations
 + Level 2.1 Hexes
 + Level 2.1 Charms
 + Level 2.1 Summonings
 + Level 2.1 Necromancy
 + Level 2.1 Translocations
 + Level 2.1 Transmutations
 + Level 2.1 Fire Magic
 + Level 2.1 Ice Magic
 + Level 2.1 Air Magic
 + Level 2.1 Earth Magic
 + Level 2.1 Poison Magic
 + Level 2.9 Invocations
 + Level 2.6 Evocations


You had 11 spell levels left.
You didn't know any spells.

Dungeon Overview and Level Annotations

Branches:
Dungeon (5/15)
 Temple: D:4-7

Altars:
Ashenzari
Elyvilon
Gozag
Makhleb
Okawaru
Sif Muna
Zin

Annotations:
D:5 spacerossing's ghost, novice FoFi


Innate Abilities, Weirdness & Mutations

Your experience applies equally to all skills.
You have very sharp teeth.
Your uncanny sense of smell can sniff out nearby items.


Message History

* * * LOW HITPOINT WARNING * * *
You hit spacerossing's ghost but do no damage.
Spacerossing's ghost is severely damaged.
Spacerossing's ghost hits you but does no damage.
You barely miss spacerossing's ghost.
Spacerossing's ghost is severely damaged.
Spacerossing's ghost hits you!
* * * LOW HITPOINT WARNING * * *
Unknown command.
Okay, then.
You feel very mighty all of a sudden.
You block spacerossing's ghost's attack.
Your shield and plate armour prevent you from hitting spacerossing's ghost.
Spacerossing's ghost is severely damaged.
Spacerossing's ghost hits you but does no damage.
You hit spacerossing's ghost but do no damage.
You bite spacerossing's ghost, but do no damage.
Spacerossing's ghost is severely damaged.
Spacerossing's ghost hits you!
You die...

#### ... #...
..# # #.##.#.#
.. #.# .#.## ...
#.# ...## ....
#.# ##...#.....
#.###).........
#......@W......
###.#..........
####.##...##.###
#........###.##
#.##.##.###....
#.##.##.......#
#.##...........
#.#####<.##.#.
#.#.###..#


You could see spacerossing's ghost.

Vanquished Creatures
  A troll (D:4)
  The ghost of Niraks the Covered, an amateur DDFi (D:3)
  An ogre (D:4)
  A crimson imp (D:3)
  2 hounds
  An orc priest (D:5)
  An orc wizard (D:5)
  5 adders
  An ooze (D:2)
  5 worms
  2 dart slugs
  3 leopard geckos
  2 orcs (D:5)
  5 giant cockroaches
  A goblin (D:2)
  3 hobgoblins
  8 jackals
  8 kobolds
  3 ball pythons (D:1)
  6 bats
  2 frilled lizards
  6 rats
68 creatures vanquished.

Notes
Turn   | Place    | Note
-------+----------+-------------------------------------------
     0 | D:1      | Hercules1031 the Gnoll Fighter began the quest for the Orb.
     0 | D:1      | Reached XP level 1. HP: 23/23 MP: 1/1
   120 | D:1      | Reached XP level 2. HP: 18/29 MP: 2/2
   634 | D:2      | Found an iron altar of Okawaru.
   675 | D:2      | Reached XP level 3. HP: 30/35 MP: 3/3
   718 | D:2      | Reached skill level 1 in Invocations
   797 | D:2      | Reached skill level 1 in Short Blades
   797 | D:2      | Reached skill level 1 in Axes
   797 | D:2      | Reached skill level 1 in Maces & Flails
   797 | D:2      | Reached skill level 1 in Polearms
   797 | D:2      | Reached skill level 1 in Staves
   797 | D:2      | Reached skill level 1 in Slings
   797 | D:2      | Reached skill level 1 in Bows
   797 | D:2      | Reached skill level 1 in Crossbows
   797 | D:2      | Reached skill level 1 in Throwing
   797 | D:2      | Reached skill level 1 in Dodging
   797 | D:2      | Reached skill level 1 in Stealth
   797 | D:2      | Reached skill level 1 in Unarmed Combat
   797 | D:2      | Reached skill level 1 in Spellcasting
   797 | D:2      | Reached skill level 1 in Evocations
   810 | D:2      | Reached XP level 4. HP: 27/41 MP: 5/5
   942 | D:2      | Found a burning altar of Makhleb.
   942 | D:2      | Noticed an Executioner
   949 | D:2      | Found a glowing silver altar of Zin.
   950 | D:2      | Noticed an angel
  1416 | D:3      | Noticed Niraks's ghost (amateur DDFi)
  1442 | D:3      | Killed Niraks's ghost
  1442 | D:3      | Reached skill level 1 in Conjurations
  1442 | D:3      | Reached skill level 1 in Hexes
  1442 | D:3      | Reached skill level 1 in Charms
  1442 | D:3      | Reached skill level 1 in Summonings
  1442 | D:3      | Reached skill level 1 in Necromancy
  1442 | D:3      | Reached skill level 1 in Translocations
  1442 | D:3      | Reached skill level 1 in Transmutations
  1442 | D:3      | Reached skill level 1 in Fire Magic
  1442 | D:3      | Reached skill level 1 in Ice Magic
  1442 | D:3      | Reached skill level 1 in Air Magic
  1442 | D:3      | Reached skill level 1 in Earth Magic
  1442 | D:3      | Reached skill level 1 in Poison Magic
  1442 | D:3      | Reached XP level 5. HP: 7/47 MP: 5/7
  1442 | D:3      | Reached XP level 6. HP: 7/53 MP: 5/8
  2449 | D:4      | Found a white marble altar of Elyvilon.
  2467 | D:4      | Found a shattered altar of Ashenzari.
  2472 | D:4      | Became a worshipper of Ashenzari the Shackled
  2507 | D:4      | Found an opulent altar of Gozag.
  2740 | D:4      | Found a deep blue altar of Sif Muna.
  2782 | D:4      | Reached skill level 5 in Long Blades
  2789 | D:4      | Noticed a troll
  2797 | D:4      | Killed a troll
  2797 | D:4      | Reached XP level 7. HP: 18/60 MP: 10/10
  3556 | D:5      | Entered Level 5 of the Dungeon
  3929 | D:5      | Noticed spacerossing's ghost (novice FoFi)
  3954 | D:5      | HP: 1/60 [spacerossing's ghost (13)]
  3957 | D:5      | Mangled by spacerossing's ghost

Skill      XL: |  1  2  3  4  5  6 |
---------------+-------------------+-----
Invocations    | 1 2 |  2.9
Short Blades   | 1 2 |  2.6
Axes           | 1 2 |  2.6
Maces & Flails | 1 2 |  2.6
Polearms       | 1 2 |  2.6
Staves         | 1 2 |  2.6
Slings         | 1 2 |  2.6
Bows           | 1 2 |  2.6
Crossbows      | 1 2 |  2.6
Throwing       | 1 2 |  2.6
Dodging        | 1 2 |  2.6
Stealth        | 1 2 |  2.6
Unarmed Combat | 1 2 |  2.6
Spellcasting   | 1 2 |  2.6
Evocations     | 1 2 |  2.6
Conjurations   | 1 2 |  2.1
Hexes          | 1 2 |  2.1
Charms         | 1 2 |  2.1
Summonings     | 1 2 |  2.1
Necromancy     | 1 2 |  2.1
Translocations | 1 2 |  2.1
Transmutations | 1 2 |  2.1
Fire Magic     | 1 2 |  2.1
Ice Magic      | 1 2 |  2.1
Air Magic      | 1 2 |  2.1
Earth Magic    | 1 2 |  2.1
Poison Magic   | 1 2 |  2.1
Long Blades    | 5 |  5.3
Fighting       | 7 |  7.1
Armour         | 7 |  7.1
Shields        | 7 |  7.1

Action                   |  1- 3 |  4- 6 |  7- 9 || total
-------------------------+-------+-------+-------++-------
Melee: Long sword        |    88 |   105 |    91 ||   284
       Bite              |    11 |    21 |    21 ||    53
Invok: Curse Item        |       |     1 |       ||     1
  Use: Scroll            |     8 |     2 |       ||    10
       Potion            |       |     6 |     1 ||     7
  Eat: Ration            |       |     2 |     2 ||     4
       Chunk             |       |       |     1 ||     1
Armor: Scale mail        |    48 |       |       ||    48
       Chain mail        |    34 |    35 |       ||    69
       Plate armour      |       |    18 |    38 ||    56
Dodge: Dodged            |    40 |    20 |    18 ||    78
Block: Shield            |    91 |    66 |    33 ||   190
       Rpst.: Long sword |    10 |     4 |     5 ||    19
